 Dungeon Crawl Stone Soup version 0.22-a0-247-gbddf880 (webtiles) character file.

23 varam the Sneak (level 2, -1/13 HPs)
             Began as a Spriggan Enchanter on Feb 26, 2018.
             Slain by a hobgoblin
             ... wielding a +0 club
              (5 damage)
             ... on level 2 of the Dungeon.
             The game lasted 00:02:10 (877 turns).

varam the Sneak (Spriggan Enchanter)                 Turns: 877, Time: 00:02:11

Health: -1/13      AC:  3    Str:  4    XL:     2   Next: 75%
Magic:  6/6        EV: 18    Int: 16    God:
Gold:   24         SH:  0    Dex: 16    Spells: 3/6 levels left

rFire    . . .     SeeInvis +   h - -3 whip (curse)
rCold    . . .     Gourm    .   (shield restricted)
rNeg     . . .     Faith    .   b - +1 robe
rPois    .         Spirit   .   (helmet restricted)
rElec    .         Reflect  .   (no cloak)
rCorr    .         Harm     .   (gloves unavailable)
MR       .....     Rnd*Tele +   (boots unavailable)
Stlth    +++.......             (no amulet)
HPRegen  0.04/turn              e - ring of teleportation (curse)
MPRegen  0.10/turn              (no ring)

@: very quick
A: very small, unfitting armour, see invisible, herbivore, speed 3, slow
metabolism 2
a: no special abilities


You were on level 2 of the Dungeon.
You were not hungry.

You visited 1 branch of the dungeon, and saw 2 of its levels.

You collected 24 gold pieces.

Inventory:

Hand Weapons
 a - a +1 dagger
 h - a cursed -3 whip (weapon)
Armour
 b - a +1 robe (worn)
Jewellery
 e - a cursed ring of teleportation (left hand)
Potions
 d - a potion of heal wounds {unknown}
Comestibles
 c - a ration


   Skills:
 + Level 2.0 Short Blades
 - Level 3.2 Dodging
 + Level 5.1 Stealth
 - Level 2.8 Spellcasting
 - Level 3.7 Hexes


You had 3 spell levels left.
You knew the following spells:

 Your Spells              Type           Power        Failure   Level  Hunger
a - Corona                Hex            ##.....      4%          1    #......
b - Ensorcelled Hibernat  Hex/Ice        #.....       13%         2    ##.....


Dungeon Overview and Level Annotations

Branches:
Dungeon (2/15)

Altars:
Cheibriados


Innate Abilities, Weirdness & Mutations

You are very small and have problems with some larger weapons.
You are too small for most types of armour.
You have supernaturally acute eyesight. (SInv)
You are a herbivore.
You cover ground extremely quickly.
You need consume almost no food.


Message History

The hobgoblin hits you but does no damage.
You closely miss the hobgoblin.
The hobgoblin is heavily wounded.
The hobgoblin completely misses you.
You hit the hobgoblin but do no damage.
The hobgoblin is heavily wounded.
The hobgoblin hits you with a club.
You barely miss the hobgoblin.
The hobgoblin is heavily wounded.
The adder misses you.
The hobgoblin hits you but does no damage.
You hit the hobgoblin but do no damage.
The hobgoblin is heavily wounded.
The adder bites you.
The hobgoblin hits you but does no damage.
The adder completely misses you.
You barely miss the hobgoblin.
The hobgoblin is heavily wounded.
The adder bites you but does no damage. The hobgoblin hits you with a club.
You die...

#.# # #.# #.#
#.#
################
#.#
#......S.......#
#.#
#.############.#
#.# ##.# #.#
#.#########S.#
#.#
#.<......g@.##
#<#
#############
#.# ##.#
######...
.........
######... ##.#
#.# #.#


You could see an adder and a hobgoblin.

Vanquished Creatures
  2 oozes (D:1)
  2 giant cockroaches (D:1)
  2 goblins (D:1)
  A hobgoblin (D:1)
  2 kobolds (D:1)
  A ball python (D:1)
  3 bats (D:1)
  A frilled lizard (D:2)
  2 rats (D:1)
  A butterfly (D:1)
17 creatures vanquished.

Notes
Turn   | Place    | Note
-------+----------+-------------------------------------------
     0 | D:1      | varam the Spriggan Enchanter began the quest for the Orb.
     0 | D:1      | Reached XP level 1. HP: 9/9 MP: 5/5
   171 | D:1      | Reached XP level 2. HP: 9/13 MP: 3/6
   181 | D:1      | Learned a level 2 spell: Ensorcelled Hibernation
   368 | D:1      | Found a snail-covered altar of Cheibriados.
   573 | D:1      | Reached skill level 5 in Stealth
   648 | D:1      | Reached skill level 2 in Short Blades
   877 | D:2      | Slain by a hobgoblin

Vault maps used:
D:1:      minmay_arrival_arboretum_large, serial_bayou_ford_a,
          hangedman_glass_garden, cheibriados_altar_1
D:2:      first_ration

Skill      XL: |  1  2 |
---------------+-------+-----
Stealth        | 5 |  5.1
Short Blades   | 2 |  2.0
Dodging        | |  3.2
Spellcasting   | |  2.8
Hexes          | |  3.7

Action                   || total
-------------------------++-------
Melee: Dagger            ||    46
       Whip              ||    23
 Cast: Corona            ||    10
       Ensorcelled Hiber ||     1
  Use: Scroll            ||     3
 Stab: Sleeping          ||     9
Armor: Robe              ||    12
Dodge: Dodged            ||    78

Table legend:
 A = Spawn XP
 B = Non-spawn XP
 C = Spawn XP percentage of total XP
 D = Spawn monster count
 E = Non-spawn monster count
 F = Spawn count percentage of total count
 G = Total turns spent on level
                    A         B        C        D         E        F      G
               +---------+---------+-------+---------+---------+-------+---------
         Total |       0 |      34 |   0.0 |       0 |      16 |   0.0 |   877
               +---------+---------+-------+---------+---------+-------+---------
           D:1 |       0 |      33 |   0.0 |       0 |      15 |   0.0 |   823
           D:2 |       0 |       1 |   0.0 |       0 |       1 |   0.0 |    54
               +---------+---------+-------+---------+---------+-------+---------
